[Event "FIDE WCCC Girls-10 2024"]
[Site "Montesilvano"]
[Date "2024.11.18"]
[Round "2.1"]
[White "Bayramova, Aya"]
[Black "Berikkyzy Alanna"]
[Result "0-1"]
[ECO "D38"]
[WhiteElo "1634"]
[BlackElo "2043"]
[PlyCount "102"]
[EventDate "2024.11.18"]
[EventType "swiss"]
[EventCountry "ITA"]
[TimeControl "5400+30"]

1. d4 Nf6 2. c4 e6 3. Nc3 Bb4 4. Bg5 d5 5. cxd5 exd5 6. Qa4+ Nc6 7. e3 h6 8. Bxf6 Qxf6 9. Nf3 O-O 10. Bb5 a5 11. O-O Ne7 12. a3 Bd6 13. e4 dxe4 14. Nxe4 Qg6 15. Bd3 Bf5 16. Nxd6 Bxd3 17. Ne5 Qxd6 18. Nxd3 Nc6 19. Rad1 Qxd4 20. Qb5 Qb6 21. Qxb6 cxb6 22. Nf4 Rad8 23. Nd5 b5 24. f3 Rfe8 25. Kf2 Re5 26. Nc3 Rxd1 27. Rxd1 b4 28. axb4 Nxb4 29. Rd8+ Kh7 30. Rd7 b5 31. f4 Rf5 32. Kf3 g5 33. g3 gxf4 34. gxf4 Kg6 35. Rb7 Nd5 36. Ne2 b4 37. Rb5 a4 38. Ra5 Nb6 39. Ra6 Rf6 40. Ng3 Rc6 41. Ne4 f6 42. Nf2 Kf7 43. Nd3 b3 44. Ke4 Ke6 45. h4 Kd6 46. Kf5 Kc7 47. Ra7+ Kb8 48. Rh7 Nc4 49. Rd7 Nxb2 50. Nxb2 a3 51. Na4 b2 0-1

[Event "FIDE WCCC Girls-10 2024"]
[Site "Montesilvano"]
[Date "2024.11.18"]
[Round "2.2"]
[White "Yunker, Alisa Genrietta"]
[Black "Afandi, Sadagul"]
[Result "1-0"]
[ECO "D13"]
[WhiteElo "1872"]
[BlackElo "1625"]
[PlyCount "161"]
[EventDate "2024.11.18"]
[EventType "swiss"]
[EventCountry "ITA"]
[TimeControl "5400+30"]

1. d4 d5 2. c4 c6 3. cxd5 cxd5 4. Nc3 Nf6 5. Nf3 Bf5 6. Qb3 b6 7. Bg5 e6 8. e3 Be7 9. Bb5+ Nbd7 10. Ne5 O-O 11. Bxd7 a6 12. Bc6 Ra7 13. O-O b5 14. Rac1 Rc7 15. a4 b4 16. Na2 a5 17. Bb5 h6 18. Bf4 Rxc1 19. Rxc1 Qa8 20. Nc6 Re8 21. Bc7 Bf8 22. Bxa5 Rc8 23. Bxb4 Ne4 24. Ba5 Nf6 25. Bb4 Ne4 26. Qa3 Bxb4 27. Qxb4 Kh7 28. f3 Nf6 29. Qe7 Bg6 30. Nab4 Bf5 31. Na2 Bg6 32. Nab4 Ne8 33. Na6 Nf6 34. Nab4 Ne8 35. Na6 Nf6 36. Nab4 Ne8 37. Na6 h5 38. Rc3 Nf6 39. Qa3 Nd7 40. b4 Nb6 41. Ne5 Nd7 42. Nc6 Nb6 43. Ne5 Rxc3 44. Qxc3 Nxa4 45. Qc6 Qxc6 46. Bxc6 Nb6 47. Nd7 Nc8 48. b5 Bd3 49. Nb4 Bc4 50. b6 Nxb6 51. Nxb6 Kg6 52. Nxc4 dxc4 53. Kf2 Kf5 54. Be4+ {[%emt 0:16:34] Kg6 Bc6 Kf5 Be4+} Kf6 55. Ke2 Ke7 56. Kd2 f5 57. Bb1 g5 58. g3 h4 59. gxh4 gxh4 60. Nc6+ Kf6 61. Ne5 Ke7 62. Nc6+ Kf6 63. Ne5 Kg5 64. f4+ Kh5 65. Kc3 h3 66. Kxc4 Kh6 67. Kc5 Kg7 68. Bd3 Kf6 69. Bf1 Ke7 70. Bxh3 Kf6 71. Kd6 Kg7 72. Kxe6 Kh6 73. d5 Kg7 74. d6 Kh7 75. Bxf5+ Kg8 76. Ng4 Kh8 77. d7 Kg7 78. e4 Kg8 79. d8=Q+ Kg7 80. Qf6+ {[%emt 0:00:00] Kh7 Qd8+ Kg7 Qf6+} Kg8 81. Nh6# {[%emt 0:00:00] Kh7 Ng4+ Kg8 Nh6# Kh7 Ng4+ Kg8 Nh6# Kh7 Ng4+ Kg8 Nh6# Kh7 Ng4+ Kg8 Nh6# Kh7 Ng4+ Kg8 Qh4 Kh7 Qd8+ Kg7 Qf6+ Kg8 Nh6#} 1-0

[Event "FIDE WCCC Girls-10 2024"]
[Site "Montesilvano"]
[Date "2024.11.18"]
[Round "2.3"]
[White "Li, Wan Qin"]
[Black "Yang, Aimee"]
[Result "0-1"]
[ECO "D79"]
[WhiteElo "1628"]
[BlackElo "1864"]
[PlyCount "80"]
[EventDate "2024.11.18"]
[EventType "swiss"]
[EventCountry "ITA"]
[TimeControl "5400+30"]

1. Nf3 Nf6 2. g3 g6 3. Bg2 Bg7 4. d4 O-O 5. O-O d5 6. c4 c6 7. cxd5 cxd5 8. Nc3 Bf5 9. Bf4 Nc6 10. h3 Ne4 11. Qb3 Na5 12. Qd1 Rc8 13. Rc1 Nxc3 14. bxc3 Be4 15. Ne5 Bxg2 16. Kxg2 e6 17. Qa4 b6 18. Ng4 Qe7 19. Ne5 Qd8 20. Ng4 Qe7 21. e3 Rc6 22. Qc2 Rc4 23. Qa4 Rcc8 24. Qc2 Rc4 25. Qa4 Rcc8 26. Qc2 Rc4 27. Qa4 Rcc8 28. Qc2 Rc4 29. Qa4 Rcc8 30. Qc2 Rc4 31. Qa4 Rcc8 32. Qc2 Rc4 33. Qa4 Rcc8 34. Qc2 Rc4 35. Qa4 Rcc8 36. Qc2 Rc4 37. Qa4 Rcc8 38. Qc2 Rc4 39. Qa4 Rcc8 40. Qc2 Rc4 0-1

[Event "FIDE WCCC Girls-10 2024"]
[Site "Montesilvano"]
[Date "2024.11.18"]
[Round "2.4"]
[White "Khusnitdinova, Husnorakhon"]
[Black "Nandinjiguur, Chinzorig"]
[Result "0-1"]
[ECO "C47"]
[WhiteElo "1626"]
[BlackElo "1807"]
[PlyCount "98"]
[EventDate "2024.11.18"]
[EventType "swiss"]
[EventCountry "ITA"]
[TimeControl "5400+30"]

1. e4 e5 2. Nf3 Nc6 3. Nc3 Nf6 4. d4 exd4 5. Nxd4 Bb4 6. Nxc6 bxc6 7. Bd3 d5 8. exd5 cxd5 9. O-O O-O 10. Bg5 c6 11. Qf3 h6 12. Bf4 Bd6 13. Rfe1 Bg4 14. Qe3 Re8 15. Qd2 Bxf4 16. Qxf4 Qb8 17. Rxe8+ Qxe8 18. f3 Be6 19. Re1 Qb8 20. Qc1 c5 21. Bf1 c4 22. b3 Qb4 23. Ne2 Rc8 24. Qd1 cxb3 25. cxb3 d4 26. Nf4 Bf5 27. Bd3 Bxd3 28. Nxd3 Qd6 29. Qd2 Nd5 30. Rc1 Nc3 31. b4 Re8 32. Re1 Rxe1+ 33. Qxe1 Qe6 34. Qxe6 fxe6 35. a3 Kf7 36. Kf2 Ke7 37. Nb2 Kd6 38. Ke1 Kd5 39. a4 Na2 40. b5 e5 41. Nd3 Nc3 42. Nb2 Kc5 43. Nd3+ Kd5 44. Nb2 e4 45. fxe4+ Kxe4 46. Kd2 g6 47. h3 g5 48. g4 Kd5 49. Kd3 Kc5 0-1

[Event "FIDE WCCC Girls-10 2024"]
[Site "Montesilvano"]
[Date "2024.11.18"]
[Round "2.5"]
[White "Rzadkowska, Lila"]
[Black "Malcheva, Niya"]
[Result "0-1"]
[ECO "D15"]
[WhiteElo "1765"]
[BlackElo "1620"]
[PlyCount "118"]
[EventDate "2024.11.18"]
[EventType "swiss"]
[EventCountry "ITA"]
[TimeControl "5400+30"]

1. Nf3 d5 2. d4 c6 3. c4 Nf6 4. Nc3 a6 5. c5 Bf5 6. Qb3 Ra7 7. Bf4 Nbd7 8. h3 h6 9. e3 e6 10. Be2 Be7 11. O-O g5 12. Be5 g4 13. hxg4 Bxg4 14. e4 Nxe5 15. Nxe5 Bxe2 16. Nxe2 Nxe4 17. Qf3 Bf6 18. Ng3 Bxe5 19. dxe5 Nd2 20. Qf4 Nxf1 21. Nh5 Qg5 22. Nf6+ Ke7 23. Qb4 Ne3 24. fxe3 Qxe3+ 25. Kh1 Qxe5 26. Qb6 Qxf6 27. Qxa7 Qh4+ 28. Kg1 Qd4+ 29. Kh1 Qxb2 30. Rg1 Rg8 31. g4 Qb4 32. Kh2 d4 33. a3 Qd2+ 34. Rg2 Qf4+ 35. Kh3 f5 36. Qxb7+ Kf6 37. Rg3 Qf1+ 38. Kh2 Qf2+ 39. Rg2 Qh4+ 40. Kg1 Rxg4 41. Rxg4 Qxg4+ 42. Kf1 Qf3+ 43. Kg1 Qd1+ 44. Kg2 Qe2+ 45. Kg3 Qb5 46. Qh7 Qd3+ 47. Kf2 Qe3+ 48. Kg2 Qe2+ 49. Kg3 f4+ 50. Kxf4 Qf2+ 51. Kg4 Qf5+ 52. Qxf5+ exf5+ 53. Kf4 h5 54. Kg3 Kg5 55. Kf3 h4 56. a4 h3 57. Kg3 d3 58. Kxh3 d2 59. Kg3 d1=Q 0-1

[Event "FIDE WCCC Girls-10 2024"]
[Site "Montesilvano"]
[Date "2024.11.18"]
[Round "2.6"]
[White "Ahmadli, Mehriban"]
[Black "Samhita Pungavanam"]
[Result "1-0"]
[ECO "B80"]
[WhiteElo "1624"]
[BlackElo "1752"]
[PlyCount "165"]
[EventDate "2024.11.18"]
[EventType "swiss"]
[EventCountry "ITA"]
[TimeControl "5400+30"]

1. e4 c5 2. Nf3 Nc6 3. d4 cxd4 4. Nxd4 Nf6 5. Nc3 d6 6. f3 e6 7. Be3 Be7 8. Qd2 Bd7 9. Ndb5 Nb4 10. a3 Bxb5 11. Bxb5+ Nc6 12. O-O O-O 13. Rad1 a6 14. Bc4 b5 15. Ba2 Qc7 16. Qf2 Ne5 17. Qg3 Kh8 18. Rd4 Nc4 19. Bxc4 bxc4 20. Qf2 Rab8 21. Nd1 d5 22. e5 Nd7 23. f4 Bc5 24. Rd2 Bxe3 25. Qxe3 Qc5 26. Rd4 f6 27. exf6 Nxf6 28. c3 Qb6 29. Qe5 Ne4 30. f5 Nd2 31. f6 Kg8 32. Qg5 Qa7 33. f7+ Kh8 34. Rff4 Ne4 35. Qe5 Qe7 36. Rxd5 Nf6 37. Rc5 Qxf7 38. Rc7 Qg6 39. Rf3 Ng4 40. Rxf8+ Rxf8 41. Qe2 Qd3 42. Qxd3 cxd3 43. Rd7 Ne5 44. Rd4 h6 45. Nf2 Rb8 46. b4 Rc8 47. Nxd3 Nxd3 48. Rxd3 Rc6 49. Kf2 Kh7 50. Ke3 Kg6 51. a4 Kf5 52. Kd4 e5+ 53. Kd5 e4 54. Re3 Rc8 55. g4+ Kxg4 56. Kxe4 g5 57. Rg3+ Kh4 58. Kd4 Rd8+ 59. Ke3 Rb8 60. Kf3 Rf8+ 61. Kg2 g4 62. h3 h5 63. hxg4 hxg4 64. Rd3 Rc8 65. Re3 Rd8 66. Re2 Rd3 67. Rc2 Rg3+ 68. Kh1 Rd3 69. Kh2 Rh3+ 70. Kg1 Kg3 71. c4 Rh8 72. c5 Rd8 73. Rc1 Rd2 74. Rc3+ Kh4 75. c6 Rd1+ 76. Kf2 Rd2+ 77. Ke1 Rd8 78. c7 Rc8 79. b5 axb5 80. axb5 g3 81. b6 g2 82. Kf2 Rg8 83. Kg1 1-0

[Event "FIDE WCCC Girls-10 2024"]
[Site "Montesilvano"]
[Date "2024.11.18"]
[Round "2.7"]
[White "Pooja Shree R"]
[Black "Nguyen, Lam Vy Le"]
[Result "1-0"]
[ECO "C50"]
[WhiteElo "1615"]
[BlackElo "1728"]
[PlyCount "127"]
[EventDate "2024.11.18"]
[EventType "swiss"]
[EventCountry "ITA"]
[TimeControl "5400+30"]

1. e4 e5 2. Nf3 Nc6 3. Bc4 Bc5 4. d3 Nf6 5. O-O d6 6. a4 Be6 7. Bxe6 fxe6 8. c3 Bb6 9. Ng5 Qd7 10. b4 a5 11. b5 Nd8 12. Nd2 Nf7 13. Nc4 Bc5 14. d4 exd4 15. cxd4 Bb4 16. Qc2 Nxg5 17. Bxg5 O-O 18. Rad1 Qf7 19. Bxf6 Qxf6 20. f4 Qh6 21. Qf2 Rae8 22. Qg3 Rf7 23. Rd3 Ref8 24. Rdf3 Qf6 25. Qf2 c6 26. bxc6 bxc6 27. Kh1 Qe7 28. Qc2 c5 29. dxc5 Bxc5 30. Nxa5 Qa7 31. Nc4 Ra8 32. a5 Qc7 33. Qb3 Rb8 34. Qa2 Qc6 35. Nd2 Qd7 36. f5 e5 37. Nb3 Bb4 38. h3 Qb7 39. Qe2 Ra8 40. Qc4 Bxa5 41. Ra1 Bd8 42. Rxa8 Qxa8 43. Qe6 Qc6 44. Rf1 Qd7 45. Qd5 Kh8 46. Rd1 Rf6 47. Nc5 Qa7 48. Ne6 Be7 49. Rb1 Bf8 50. Rb7 Qa1+ 51. Kh2 h6 52. Rb8 Qf1 53. Rxf8+ Rxf8 54. Nxf8 Qf4+ 55. Kg1 Qe3+ 56. Kf1 Qc1+ 57. Ke2 Qc2+ 58. Kf3 Qc3+ 59. Kf2 Qc2+ 60. Kg3 Qc1 61. Ng6+ Kh7 62. Kh2 h5 63. Qf7 Qg5 64. Qe8 1-0

[Event "FIDE WCCC Girls-10 2024"]
[Site "Montesilvano"]
[Date "2024.11.18"]
[Round "2.8"]
[White "Anistoroaei, Maria"]
[Black "Milojevic, Dunja"]
[Result "1-0"]
[ECO "E11"]
[WhiteElo "1715"]
[BlackElo "1610"]
[PlyCount "89"]
[EventDate "2024.11.18"]
[EventType "swiss"]
[EventCountry "ITA"]
[TimeControl "5400+30"]

1. d4 Nf6 2. c4 e6 3. Nf3 Bb4+ 4. Nbd2 O-O 5. e3 b6 6. a3 Bxd2+ 7. Qxd2 Ne4 8. Qc2 Bb7 9. Be2 d5 10. O-O Nd7 11. b4 c5 12. Bb2 Rc8 13. dxc5 bxc5 14. b5 Ndf6 15. Rad1 Qe7 16. Ne5 Rfd8 17. f3 Nd6 18. Qa4 Nf5 19. Bc1 Qc7 20. Ng4 Nxg4 21. fxg4 Nd6 22. Bb2 Ne4 23. Bd3 dxc4 24. Qxc4 Bd5 25. Qc2 Qb7 26. Rf4 Ng5 27. h4 c4 28. hxg5 cxd3 29. Qxd3 Qe7 30. Rd4 Qc5 31. Rc1 Qb6 32. Rc3 Re8 33. Qc2 Bb7 34. Qd3 Bd5 35. Kh1 Red8 36. Qc2 Bb7 37. Rxc8 Rxc8 38. Qd2 Ba8 39. Rd6 Qc7 40. Qd4 f6 41. gxf6 Rf8 42. Rd7 Qg3 43. f7+ Rxf7 44. Rd8+ Rf8 45. Qxg7# 1-0

[Event "FIDE WCCC Girls-10 2024"]
[Site "Montesilvano"]
[Date "2024.11.18"]
[Round "2.9"]
[White "Bhavanya Panchumarthi"]
[Black "Zhumambayeva Aliya"]
[Result "1-0"]
[ECO "D02"]
[WhiteElo "1703"]
[BlackElo "1607"]
[PlyCount "112"]
[EventDate "2024.11.18"]
[EventType "swiss"]
[EventCountry "ITA"]
[TimeControl "5400+30"]

1. d4 Nf6 2. Bf4 e6 3. e3 d5 4. Nf3 Bd6 5. Ne5 O-O 6. Bd3 c5 7. c3 Qc7 8. Nd2 b6 9. O-O Nc6 10. Ndf3 h6 11. h3 Nd7 12. Nxc6 Qxc6 13. Bxd6 Qxd6 14. a4 a5 15. Qe2 Bb7 16. Rfd1 Rfe8 17. e4 e5 18. dxe5 Nxe5 19. Bb5 Nxf3+ 20. Qxf3 Re5 21. Rd2 d4 22. Re1 f5 23. cxd4 Rxe4 24. Rxe4 Bxe4 25. Qb3+ Kh8 26. Qc3 Rd8 27. f3 cxd4 28. Qc1 Bb7 29. Rd3 f4 30. Qd2 Bc8 31. Qe1 Bf5 32. Rd2 d3 33. Kh2 Qd4 34. Qd1 Rc8 35. Ba6 Rc7 36. Bb5 Qe3 37. Rxd3 Bxd3 38. Qxd3 Qxd3 39. Bxd3 Rc1 40. h4 Rd1 41. Be4 g5 42. hxg5 hxg5 43. Kh3 Kg7 44. g3 Kf6 45. b3 Rg1 46. gxf4 gxf4 47. Kh4 Ke5 48. Kh3 Re1 49. Bc6 Re3 50. Kg4 Rxb3 51. Kg5 Rb4 52. Be8 b5 53. Bxb5 Rxb5 54. axb5 a4 55. b6 Kd6 56. Kxf4 a3 1-0

[Event "FIDE WCCC Girls-10 2024"]
[Site "Montesilvano"]
[Date "2024.11.18"]
[Round "2.10"]
[White "Rekhviashvili, Mariam"]
[Black "Filippova, Milana"]
[Result "0-1"]
[ECO "B22"]
[WhiteElo "1610"]
[BlackElo "1687"]
[PlyCount "79"]
[EventDate "2024.11.18"]
[EventType "swiss"]
[EventCountry "ITA"]
[TimeControl "5400+30"]

1. e4 c5 2. c3 d5 3. exd5 Qxd5 4. d4 Nf6 5. Nf3 e6 6. Be3 cxd4 7. Nxd4 e5 8. Nb5 Qxd1+ 9. Kxd1 Nd5 10. Bxa7 Na6 11. c4 Nf4 12. Be3 Bg4+ 13. f3 O-O-O+ 14. Nd2 Bf5 15. a3 Bc5 16. Bg1 Bxg1 17. Rxg1 Nc5 18. Ke1 Kb8 19. Ne4 Nxe4 20. fxe4 Bxe4 21. g3 Nd3+ 22. Bxd3 Bxd3 23. Rc1 e4 24. b3 e3 25. Nc3 Rhe8 26. Rg2 f5 27. Ne2 g5 28. Ng1 Be4 29. Re2 f4 30. gxf4 gxf4 31. Nh3 Bd3 32. Nxf4 Bxe2 33. Nxe2 Rd2 34. Rd1 Ra2 35. h4 Rxa3 36. Rb1 Re4 37. Nc3 Rxh4 38. Ke2 Rh3 39. Kd3 e2+ 40. Kd4 0-1

[Event "FIDE WCCC Girls-10 2024"]
[Site "Montesilvano"]
[Date "2024.11.18"]
[Round "2.11"]
[White "Macakova, Bianka"]
[Black "Peng, Jingyi(Gd)"]
[Result "0-1"]
[ECO "B33"]
[WhiteElo "1610"]
[BlackElo "1720"]
[PlyCount "114"]
[EventDate "2024.11.18"]
[EventType "swiss"]
[EventCountry "ITA"]
[TimeControl "5400+30"]

1. e4 c5 2. Nf3 Nc6 3. d4 cxd4 4. Nxd4 e5 5. Nf3 Nf6 6. Nc3 Bb4 7. Bc4 O-O 8. Bg5 d6 9. O-O Bxc3 10. bxc3 Be6 11. Bb3 Rc8 12. Qd3 Qe7 13. Rad1 Rfd8 14. Qe3 h6 15. Bh4 b6 16. Rd3 Na5 17. Bd5 Bxd5 18. Bxf6 Qxf6 19. Rxd5 Rc6 20. Rfd1 Rdc8 21. R1d3 Nc4 22. Qe2 Nb2 23. Rd2 Na4 24. Qa6 Nc5 25. Qe2 Qg6 26. Nh4 Qxe4 27. Qxe4 Nxe4 28. R2d3 Nxc3 29. Rxd6 Rxd6 30. Rxd6 Nxa2 31. g3 Rxc2 32. Rd7 a5 33. Rb7 Rc6 34. Kg2 Nc3 35. Nf5 Re6 36. Kf3 Rf6 37. Ke3 Rxf5 38. Kd3 Nd1 39. f3 Rf6 40. Ke4 Nc3+ 41. Kxe5 a4 42. f4 a3 43. Ra7 Re6+ 44. Kf5 g6+ 45. Kg4 a2 46. f5 gxf5+ 47. Kxf5 Re1 48. Kf6 Rf1+ 49. Ke5 a1=Q 50. Rxa1 Rxa1 51. Kd4 Rc1 52. Kd3 Nd5 53. h4 b5 54. h5 b4 55. g4 b3 56. g5 b2 57. gxh6 b1=Q+ 0-1

[Event "FIDE WCCC Girls-10 2024"]
[Site "Montesilvano"]
[Date "2024.11.18"]
[Round "2.12"]
[White "Xin, Lisa J."]
[Black "Meng, Miranda"]
[Result "1-0"]
[ECO "D02"]
[WhiteElo "1602"]
[BlackElo "1675"]
[PlyCount "147"]
[EventDate "2024.11.18"]
[EventType "swiss"]
[EventCountry "ITA"]
[TimeControl "5400+30"]

1. d4 d5 2. Nf3 Nf6 3. e3 g6 4. Nbd2 Bg7 5. b4 c6 6. Be2 a5 7. b5 c5 8. Bb2 Nbd7 9. a4 b6 10. O-O Bb7 11. c4 O-O 12. Rc1 Rc8 13. Qb3 Re8 14. Rfd1 cxd4 15. Nxd4 Nc5 16. Qa2 e6 17. N4f3 Rc7 18. Ne5 Qa8 19. Bf3 Rd8 20. h3 Qb8 21. Bd4 Ne8 22. Nb3 f6 23. Ng4 dxc4 24. Rxc4 Bxf3 25. gxf3 Nxb3 26. Qxb3 Rxc4 27. Qxc4 Qd6 28. Rc1 h5 29. Nh2 Rb8 30. Qc6 Kf7 31. Qxd6 Nxd6 32. Rc7+ Kg8 33. Rc6 Nf5 34. Rxb6 Rd8 35. Rxe6 Nxd4 36. exd4 Rxd4 37. Re4 Rd1+ 38. Kg2 Rb1 39. Nf1 Bf8 40. Nd2 Ra1 41. Nb3 Ra3 42. Nxa5 f5 43. Rc4 Kf7 44. b6 Bd6 45. b7 Ra1 46. f4 Ra2 47. Kf3 Ra3+ 48. Kg2 Ra2 49. Rd4 Bb8 50. Nc6 Rb2 51. Rb4 Rxb4 52. Nxb4 Bxf4 53. Nc6 Ke6 54. b8=Q Bxb8 55. Nxb8 Kd6 56. a5 Kc7 57. Na6+ Kb7 58. Nc5+ Kc6 59. a6 Kb6 60. Kf3 g5 61. h4 g4+ 62. Kf4 Ka7 63. Kxf5 Kb6 64. Kg5 Ka7 65. Kxh5 Kb6 66. Kxg4 Ka7 67. h5 Kb6 68. h6 Ka7 69. h7 Kb6 70. h8=Q Kxc5 71. a7 Kb5 72. a8=Q Kc5 73. Qa5+ Kc4 74. Qhc3# {[%emt 0:09:09] Kd5} 1-0

[Event "FIDE WCCC Girls-10 2024"]
[Site "Montesilvano"]
[Date "2024.11.18"]
[Round "2.13"]
[White "Stoica, Melina-Theodora"]
[Black "Tykalova, Barbora"]
[Result "1/2-1/2"]
[ECO "E91"]
[WhiteElo "1675"]
[BlackElo "1596"]
[PlyCount "104"]
[EventDate "2024.11.18"]
[EventType "swiss"]
[EventCountry "ITA"]
[TimeControl "5400+30"]

1. d4 Nf6 2. Nf3 g6 3. c4 Bg7 4. Nc3 O-O 5. e4 d6 6. Be2 Nbd7 7. O-O Qe8 8. Bf4 e5 9. dxe5 dxe5 10. Bg3 b6 11. Nb5 Qe7 12. Nxc7 Rb8 13. Nd5 Qe8 14. Nxf6+ Bxf6 15. Qc2 Bb7 16. Rad1 Nc5 17. Bd3 Nxd3 18. Qxd3 Qe6 19. h3 Rbd8 20. Qc2 Rxd1 21. Rxd1 Bg7 22. b3 h6 23. Qe2 f5 24. exf5 Qxf5 25. Nh4 Qf6 26. Qd3 e4 27. Qd7 Bc6 28. Qd6 g5 29. Qxf6 Rxf6 30. Be5 Re6 31. Bxg7 Kxg7 32. Nf5+ Kg6 33. Ne3 b5 34. cxb5 Bxb5 35. Rd5 Bd3 36. Rd7 Ra6 37. a4 h5 38. Rb7 Ra5 39. g4 h4 40. Kg2 Be2 41. Kg1 Bf3 42. Kf1 Rc5 43. Ke1 a5 44. Kd2 Kf6 45. Rb5 Rxb5 46. axb5 Ke6 47. Kc3 Be2 48. Kd4 Bxb5 49. Kxe4 a4 50. bxa4 Bxa4 51. f4 Bc6+ 52. Kd4 gxf4 1/2-1/2

[Event "FIDE WCCC Girls-10 2024"]
[Site "Montesilvano"]
[Date "2024.11.18"]
[Round "2.14"]
[White "Wang, Mi Ya Mia"]
[Black "Constantin-Ciuntu, Anne-Sophie"]
[Result "1-0"]
[ECO "B22"]
[WhiteElo "1552"]
[BlackElo "1672"]
[PlyCount "77"]
[EventDate "2024.11.18"]
[EventType "swiss"]
[EventCountry "ITA"]
[TimeControl "5400+30"]

1. e4 c5 2. c3 d5 3. exd5 Qxd5 4. d4 Nc6 5. Nf3 Bg4 6. Be2 e6 7. Be3 cxd4 8. cxd4 Bb4+ 9. Nc3 Qa5 10. Qb3 Nge7 11. O-O O-O 12. a3 Bd6 13. Rfd1 Rfd8 14. Nd2 Bxh2+ 15. Kxh2 Qh5+ 16. Kg1 Bxe2 17. Nxe2 Qxe2 18. Nc4 Qg4 19. Qxb7 Rab8 20. Qa6 Nxd4 21. Bxd4 Rxd4 22. Ne3 Qe4 23. Qxa7 Nc6 24. Qc7 Rdd8 25. Rxd8+ Rxd8 26. Rc1 Rf8 27. Qxc6 Qe5 28. b4 Qb2 29. b5 h6 30. a4 Qb4 31. Qc4 Qa5 32. Rb1 Rb8 33. Qb4 Qc7 34. b6 Qb7 35. a5 Ra8 36. Qb5 Kh7 37. Rc1 Rb8 38. Ra1 Qe4 39. Qb1 1-0

[Event "FIDE WCCC Girls-10 2024"]
[Site "Montesilvano"]
[Date "2024.11.18"]
[Round "2.15"]
[White "Isakhanyan, Nare"]
[Black "Wang, Yi Xuan"]
[Result "0-1"]
[ECO "D35"]
[WhiteElo "1540"]
[BlackElo "1668"]
[PlyCount "58"]
[EventDate "2024.11.18"]
[EventType "swiss"]
[EventCountry "ITA"]
[TimeControl "5400+30"]

1. d4 d5 2. c4 e6 3. Nc3 Nf6 4. Bg5 Be7 5. Nf3 Nbd7 6. e3 O-O 7. cxd5 exd5 8. Bd3 c6 9. O-O h6 10. Bh4 Ne8 11. Bxe7 Qxe7 12. Rb1 a5 13. Qc2 Nd6 14. b3 f5 15. Rbc1 Ne4 16. Bxe4 fxe4 17. Nd2 Qg5 18. Ne2 Nf6 19. Nf4 h5 20. f3 Bf5 21. fxe4 Bxe4 22. Nxe4 Nxe4 23. Qe2 h4 24. Qh5 Rxf4 25. Qxg5 Rxf1+ 26. Rxf1 Nxg5 27. Rf4 Re8 28. Rxh4 Rxe3 29. Kf2 Rc3 0-1

[Event "FIDE WCCC Girls-10 2024"]
[Site "Montesilvano"]
[Date "2024.11.18"]
[Round "2.16"]
[White "Cetin, Beren"]
[Black "Poliak, Margarita"]
[Result "1-0"]
[ECO "B23"]
[WhiteElo "1658"]
[BlackElo "1514"]
[PlyCount "87"]
[EventDate "2024.11.18"]
[EventType "swiss"]
[EventCountry "ITA"]
[TimeControl "5400+30"]

1. e4 c5 2. Nc3 d6 3. d4 cxd4 4. Qxd4 Nc6 5. Qd2 g6 6. b3 Bh6 7. f4 Nf6 8. Bb2 O-O 9. O-O-O e5 10. Qxd6 Bxf4+ 11. Kb1 Qxd6 12. Rxd6 Ng4 13. g3 Nf2 14. gxf4 Nxh1 15. Rd2 Be6 16. Bg2 Rad8 17. Nd5 f5 18. Bxh1 fxe4 19. Bxe4 Rxf4 20. Ne2 Rf1+ 21. Nc1 Kg7 22. Bc3 Rf7 23. Nd3 Kf8 24. Nc5 Bc8 25. b4 b6 26. b5 Ne7 27. Nb3 Nxd5 28. Bxd5 Rfd7 29. Rf2+ Kg7 30. Bxe5+ Kh6 31. Bc6 Rd1+ 32. Kb2 Bf5 33. Bf3 Re1 34. Bc3 Ree8 35. Bc6 Rg8 36. Rf3 Rgf8 37. Nd4 Bc8 38. Re3 Rf2 39. Re7 Rxh2 40. Nf3 Rf2 41. Bd4 Rf1 42. Be3+ Kh5 43. Rxh7+ Kg4 44. Nh2+ 1-0

[Event "FIDE WCCC Girls-10 2024"]
[Site "Montesilvano"]
[Date "2024.11.18"]
[Round "2.17"]
[White "Sobirova, Mumtozbegim"]
[Black "Sholpanbek, Zhansaya"]
[Result "0-1"]
[ECO "C54"]
[WhiteElo "1476"]
[BlackElo "1657"]
[PlyCount "76"]
[EventDate "2024.11.18"]
[EventType "swiss"]
[EventCountry "ITA"]
[TimeControl "5400+30"]

1. e4 e5 2. Nf3 Nc6 3. Bc4 Bc5 4. c3 Nf6 5. d3 O-O 6. Bb3 d5 7. Qe2 a5 8. Bg5 d4 9. Nbd2 h6 10. Bh4 a4 11. Bd1 a3 12. Nb3 axb2 13. Qxb2 dxc3 14. Qe2 Ba3 15. Rb1 Bg4 16. h3 Bxf3 17. gxf3 Nb4 18. Bxf6 Nxd3+ 19. Kf1 gxf6 20. Qe3 Nf4 21. Qxc3 Qe7 22. Nd2 c5 23. Nc4 Bb4 24. Qc2 Rfd8 25. a3 Bxa3 26. Ra1 Qd7 27. Nb6 Qb5+ 28. Qc4 Qxb6 29. Qc2 Qb2 30. Rg1+ Kf8 31. Rb1 Qxc2 32. Bxc2 Rd2 33. Bb3 Bb4 34. Rh1 Ra3 35. Kg1 b5 36. Bd1 Rad3 37. Kh2 Rxf2+ 38. Kg3 Rg2+ 0-1

[Event "FIDE WCCC Girls-10 2024"]
[Site "Montesilvano"]
[Date "2024.11.18"]
[Round "2.18"]
[White "Trzcinska, Weronika"]
[Black "Abibulla, Inzhu"]
[Result "1/2-1/2"]
[ECO "C41"]
[WhiteElo "1653"]
[BlackElo "1499"]
[PlyCount "269"]
[EventDate "2024.11.18"]
[EventType "swiss"]
[EventCountry "ITA"]
[TimeControl "5400+30"]

1. e4 d6 2. Nf3 e5 3. Bc4 Bg4 4. h3 Bh5 5. Nc3 Nf6 6. Be2 Ng8 7. Bc4 Nf6 8. Be2 Nc6 9. d3 h6 10. Be3 Be7 11. O-O O-O 12. Nd2 Bxe2 13. Qxe2 d5 14. exd5 Nxd5 15. Nxd5 Qxd5 16. Nb3 Qd8 17. Nd2 Qd5 18. Nb3 Qd8 19. Nd2 Qd5 20. Nb3 Qd8 21. Nd2 Qd5 22. Nb3 Qd8 23. Nd2 Qd5 24. Nb3 Qd8 25. Nd2 Qd5 26. Nb3 Rad8 27. f3 f5 28. Bf2 f4 29. Rfe1 Bb4 30. Red1 Be7 31. Re1 Bb4 32. Red1 Be7 33. Re1 Bb4 34. Red1 Be7 35. a3 a5 36. Qe4 Qxe4 37. dxe4 b6 38. c3 Kh7 39. Nd2 Rd7 40. Nb3 Rdd8 41. Nd2 Rd7 42. Kf1 Rfd8 43. Ke2 Bb4 44. Kf1 Be7 45. Ke2 Bb4 46. Kf1 Be7 47. Ke2 Rf8 48. Kf1 Rfd8 49. Ke2 Rf8 50. Kf1 Rfd8 51. Ke2 a4 52. Nf1 Na5 53. Nd2 Nc6 54. Nf1 Na5 55. Rxd7 Rxd7 56. Rd1 Rxd1 57. Kxd1 Nc4 58. Kc2 Na5 59. Kd1 Nc4 60. Kc2 Na5 61. Kd1 Nc4 62. Kc2 Kg6 63. Nd2 Nxd2 64. Kxd2 Kf6 65. Kd3 b5 66. Be1 Ke6 67. c4 c6 68. cxb5 cxb5 69. Ba5 Kd7 70. Be1 Ke6 71. Ba5 Kd7 72. Bc3 Ke6 73. Ba5 Kd7 74. Bc3 Bd6 75. Ba5 g6 76. Kc3 h5 77. Bb6 Kc6 78. Ba5 Bc5 79. Bb4 Bd6 80. Ba5 Bc5 81. Bb4 Bxb4+ 82. Kxb4 g5 83. Kc3 Kc5 84. Kd3 b4 85. axb4+ Kxb4 86. Kc2 Kc4 87. Kd2 Kc5 88. Kd3 Kb4 89. Kc2 Kc4 90. Kd2 Kb3 91. Kc1 Kb4 92. Kc2 Kc4 93. Kd2 Kb3 94. Kc1 Kb4 95. Kb1 Kc5 96. Kc2 Kc4 97. Kd2 Kb3 98. Kc1 Kb4 99. Kb1 Kb3 100. Kc1 Kb4 101. Kc2 Kc4 102. Kd2 Kb3 103. Kc1 Kb4 104. Kb1 Kb3 105. Kc1 a3 106. bxa3 Kxa3 107. Kc2 Kb4 108. Kb2 Kc4 109. Kc2 Kd4 110. Kc1 Kc4 111. Kc2 Kd4 112. Kd2 Kc4 113. Kc2 Kd4 114. Kd2 Kc4 115. Kc2 Kd4 116. Kd2 h4 117. Ke2 Kc3 118. Ke1 Kd3 119. Kd1 Kd4 120. Ke2 Kc3 121. Ke1 Kd3 122. Kd1 Kd4 123. Ke2 Kc3 124. Ke1 Kd3 125. Kd1 Kc3 126. Kc1 Kd3 127. Kd1 Ke3 128. Ke1 Kd3 129. Kd1 Kc3 130. Kc1 Kd3 131. Kd1 Ke3 132. Ke1 Kd3 133. Kd1 Ke3 134. Kc1 Kd4 135. Kd2 {[%emt 0:00:00] Kc3+ Ke1 Kd3 Kd1 Kc3 Kc1 Kd3 Kd1 Ke3 Ke1 Kd3 Kd1 Kc3 Kc1 Kd3 Kd1 Ke3 Ke1 Kd3 Kd1 Ke3 Ke1 Kd3 Kd1 Ke3 Ke1 Kd3 Kd1 Ke3 Ke1 Kd3 Kd1 Kd4 Ke2 Kc3 Ke1 Kd3 Kd1 Kc3 Kc1 Kd3 Kd1 Ke3 Ke1 Kd3 Kd1 Kc3 Kc1 Kd3 Kd1 Ke3 Ke1 Kd3 Kd1 Ke3 Ke1 Kd3 Kd1 Ke3 Ke1 Kd3 Kd1 Ke3 Ke1 Kd3 Kd1 Kd4 Ke2 Kc3 Ke1 Kd3 Kd1 Kc3 Kc1 Kd3 Kd1 Ke3 Ke1 Kd3 Kd1 Kc3 Kc1 Kd3 Kd1 Ke3 Ke1 Kd3 Kd1 Ke3 Ke1 Kd3 Kd1 Ke3 Ke1 Kd3 Kd1 Ke3 Ke1 Kd3 Kd1 Ke3 Ke1 Kd3 Kd1 Ke3 Ke1 Kd3 Kd1 Ke3 Ke1 Kd3 Kd1 Ke3 Ke1 Kd3 Kd1 Ke3 Ke1 Kd3 Kd1 Ke3 Ke1 Kd3 Kd1} 1/2-1/2

[Event "FIDE WCCC Girls-10 2024"]
[Site "Montesilvano"]
[Date "2024.11.18"]
[Round "2.19"]
[White "Li, Grace"]
[Black "Mandukhai, Munkhbat"]
[Result "1-0"]
[ECO "C55"]
[WhiteElo "1529"]
[BlackElo "1645"]
[PlyCount "83"]
[EventDate "2024.11.18"]
[EventType "swiss"]
[EventCountry "ITA"]
[TimeControl "5400+30"]

1. e4 e5 2. Nf3 Nc6 3. Bc4 Nf6 4. d3 h6 5. Nc3 d6 6. h3 g6 7. Be3 Bg7 8. Qd2 Na5 9. Bb3 Nxb3 10. axb3 Nd7 11. d4 c6 12. d5 c5 13. Nb5 Nb6 14. Rxa7 Rxa7 15. Nxa7 f5 16. exf5 gxf5 17. Qe2 Bd7 18. Nb5 Qf6 19. c3 O-O 20. O-O e4 21. Nd2 Qg6 22. Bf4 Nxd5 23. Qc4 Be6 24. Bxd6 Nf4 25. Bxf4 Bxc4 26. Nxc4 Rd8 27. Ra1 Qc6 28. Nbd6 b5 29. Nxf5 Qf6 30. Nce3 b4 31. Ra7 Bf8 32. g4 Qc6 33. Bxh6 Qb6 34. Ra4 Bxh6 35. Nxh6+ Qxh6 36. Kg2 Qf6 37. Nf5 bxc3 38. bxc3 Re8 39. Rc4 Qc6 40. Kf1 Qd5 41. Ne3 Rf8 42. Nxd5 1-0